 Dungeon Crawl Stone Soup version 0.29-a0-356-g7bc237e783 (webtiles) character file.

Game seed: 6629912385411065412

329 quokkamancerX the Bolt Thrower (level 6, 0/52 HPs)
             Began as a Naga Hunter on Apr 26, 2022.
             Was an Initiate of Okawaru.
             Slain by Pikel
             ... wielding a +0 whip of freezing
              (1 damage)
             ... on level 4 of the Dungeon.
             The game lasted 00:15:34 (2546 turns).

quokkamancerX the Bolt Thrower (Naga Hunter)        Turns: 2546, Time: 00:15:35

Health: 0/52       AC:  9    Str: 13    XL:     6   Next: 50%
Magic:  6/6        EV:  8    Int:  9    God:    Okawaru [......]
Gold:   215        SH:  0    Dex: 17    Spells: 5/5 levels left

rFire   . . .      SeeInvis +   a - +1 hand crossbow
rCold   + . .      Faith    .   (no shield)
rNeg    . . .      Spirit   .   h - +4 ring mail
rPois   +          Reflect  .   j - +0 helmet
rElec   .          Harm     .   (no cloak)
rCorr   .          Rampage  .   (no gloves)
Will    .....                   (no barding)
Stlth   +.........              k - amulet of regeneration
HPRegen 0.97/turn               u - ring of protection from cold
MPRegen 0.10/turn               (no ring)

@: short of breath, very slow
A: AC +2, large, see invisible, deformed body, poison resistance, slowness 2,
spit poison 1, naga tail 1
a: Spit Poison, Renounce Religion


You were on level 4 of the Dungeon.
You worshipped Okawaru.
Okawaru was noncommittal.
You visited 1 branch of the dungeon, and saw 4 of its levels.

You collected 215 gold pieces.

Inventory:

Hand Weapons
 a - a +1 hand crossbow (weapon)
Armour
 h - a +4 ring mail (worn)
 j - a +0 helmet (worn)
Jewellery
 k - an amulet of regeneration (around neck)
 u - a ring of protection from cold (left hand)
Wands
 r - a wand of iceblast (11)
Scrolls
 b - 3 scrolls of teleportation {unknown}
 c - a scroll of immolation
 d - a scroll of blinking {unknown}
 e - a scroll of torment {unknown}
 f - a scroll of magic mapping {unknown}
 g - a scroll of fear {unknown}
 i - a scroll of enchant armour {unknown}
 m - a scroll of identify {unknown}
 o - a scroll of enchant weapon {unknown}
Potions
 l - 2 potions of curing {unknown}
 n - a potion of resistance {unknown}
 p - 2 potions of flight {unknown}
 q - a potion of lignification {unknown}
 s - a potion of haste {unknown}
 t - 2 potions of heal wounds {unknown}


   Skills:
 - Level 2.0 Fighting
 + Level 6.9 Crossbows
 - Level 1.5 Dodging
 - Level 1.5 Stealth


You had 5 spell levels left.
You didn't know any spells.
Your spell library contained the following spells:

 Spells                   Type           Power      Damage    Failure   Level
 Pain                     Necr           0%         1d4       65%         1
 Vampiric Draining        Necr           0%         2d6       95%         3
 Animate Skeleton         Necr           Unusable   N/A       N/A         1

Dungeon Overview and Level Annotations

Branches:
Dungeon (4/15)
 Temple: D:4-7

Altars:
Fedhas
Okawaru
Qazlal

Shops:
D:1 =

Annotations:
D:4 Pikel


Innate Abilities, Weirdness & Mutations

Your serpentine skin is tough. (AC +2)
You have supernaturally acute eyesight. (SInv)
Armour fits poorly on your strangely shaped body.
Your system is resistant to poisons. (rPois)
You cover ground very slowly.
You can spit poison.
You have a snake-like lower body.


Message History

Shoot: a) +1 hand crossbow
Press: ? - help, Shift-Dir - straight line, f/p - Pikel
Aim: Pikel, wielding a +0 whip of freezing and wearing a +0 robe (poisoned, 60% to hit)
You shoot a bolt. The bolt hits Pikel.
Pikel is lightly wounded.
Pikel hits you with a +0 whip of freezing!
* * * LOW HITPOINT WARNING * * *
Pikel freezes you.
* * * LOW HITPOINT WARNING * * *
Shoot: a) +1 hand crossbow
Press: ? - help, Shift-Dir - straight line, f/p - Pikel
Aim: Pikel, wielding a +0 whip of freezing and wearing a +0 robe (lightly wounded, poisoned, 60% to hit)
You shoot a bolt. The bolt hits Pikel.
Pikel is lightly wounded.
Pikel hits you with a +0 whip of freezing.
* * * LOW HITPOINT WARNING * * *
Pikel misses you. The lemure barely misses you.
The lemure attacks as you move away! The lemure hits you but does no damage.
You have got your breath back.
Shoot: a) +1 hand crossbow
Press: ? - help, Shift-Dir - straight line, f/p - Pikel
Aim: Pikel, wielding a +0 whip of freezing and wearing a +0 robe (moderately wounded, poisoned, 60% to hit)
You shoot a bolt. The bolt barely misses Pikel.
Pikel hits you with a +0 whip of freezing.
* * * LOW HITPOINT WARNING * * *
The lemure hits you.
* * * LOW HITPOINT WARNING * * *
Aiming: Spit Poison (1% risk of failure)
Press: ? - help, Shift-Dir - straight line, f/p - Pikel
Aim: Pikel, wielding a +0 whip of freezing and wearing a +0 robe (moderately wounded, poisoned, 50% to hit)
The splash of poison hits Pikel.
Pikel looks even sicker.
Pikel is moderately wounded.
Pikel hits you with a +0 whip of freezing.
* * * LOW HITPOINT WARNING * * *
The lemure hits you but does no damage. The lemure closely misses you.
Pikel attacks as you move away! Pikel closely misses you.
Pikel hits you with a +0 whip of freezing.
* * * LOW HITPOINT WARNING * * *
Pikel freezes you.
You die...

.<..##.#...##...........#...5...#
.#####.########.#.....###.#....##
## #...# #.#....5....#...###
###.# #.#...#.######.#... #.#
#.#...#.# #).... #.# #.##.##.#
#..... #####.# #..55...# #...).
####.....######.K5..### #.....
.....######.....@5..# #.....
###### #..........# #.....
#..##....#.#############
######..###.#.#.##.......#
#.......###.#.#.##.#####.#
#.####................##.#
#.####>.###.#####..##.##.#
#.##..#........##..##.##.#
#.##.#..###.##.##........#


You could see Pikel (very poisoned) and 4 lemures.

Vanquished Creatures
  A necrophage (D:4)
  A scorpion (D:4)
  An iguana (D:3)
  Ijyb (D:3)
  5 gnolls
  4 adders
  A worm (D:3)
  2 orcs
  9 bats
  5 endoplasms
  4 giant cockroaches
  6 hobgoblins
  5 jackals (D:2)
  4 kobolds
  A quokka (D:1)
  8 ball pythons
  2 frilled lizards
  7 goblins
  5 rats
72 creatures vanquished.

Notes
Turn   | Place    | Note
-------+----------+-------------------------------------------
     0 | D:1      | quokkamancerX the Naga Hunter began the quest for the Orb.
     0 | D:1      | Reached XP level 1. HP: 19/19 MP: 1/1
   265 | D:1      | Reached skill level 4 in Crossbows
   265 | D:1      | Reached XP level 2. HP: 25/26 MP: 2/2
   479 | D:1      | Found Buvi's Jewellery Shop.
   826 | D:1      | Reached XP level 3. HP: 32/32 MP: 3/3
   932 | D:1      | Found a stormy altar of Qazlal.
  1183 | D:2      | Reached skill level 5 in Crossbows
  1183 | D:2      | Reached XP level 4. HP: 36/39 MP: 4/4
  1533 | D:3      | Noticed Ijyb
  1548 | D:3      | Killed Ijyb
  1634 | D:3      | Reached XP level 5. HP: 35/45 MP: 5/5
  1779 | D:3      | Found a faded altar of an unknown god.
  1911 | D:3      | Found a blossoming altar of Fedhas.
  2090 | D:4      | Reached skill level 6 in Crossbows
  2099 | D:4      | Reached XP level 6. HP: 51/52 MP: 6/6
  2176 | D:4      | Found an iron altar of Okawaru.
  2206 | D:4      | Became a worshipper of Warmaster Okawaru
  2532 | D:4      | Noticed Pikel
  2546 | D:4      | HP: 1/52 [Pikel/+0 whip of freezing (4)]
  2546 | D:4      | Slain by Pikel

Illustrated notes

Levels and vault maps discovered:
D:1:      dpeg_arrival_lava_altar, layout_loops_ring, serial_shops,
          nicolae_shop_hallway_stairs, corexii_leaking_fountain,
          minmay_stone_trees_large
D:2:      minmay_skewed_foursquare, layout_rooms
D:3:      layout_loops_ring, lemuel_round_altar, basic_ecumenical_altar,
          uniq_ijyb
D:4:      layout_loops_cross, okawaru_altar_gauntlet_db, uniq_pikel

Skill      XL: |  1  2  3  4  5 |
---------------+----------------+-----
Crossbows      | 4 5 6 |  6.9
Fighting       | |  2.0
Dodging        | |  1.5
Stealth        | |  1.5

Action                   |  1- 3 |  4- 6 || total
-------------------------+-------+-------++-------
 Fire: Hand crossbow     |   123 |   130 ||   253
 Abil: Spit Poison       |     3 |     4 ||     7
Armor: Leather armour    |     1 |       ||     1
       Ring mail         |    63 |    54 ||   117
Dodge: Dodged            |    49 |    55 ||   104

Table legend: (Time is in decaauts)
 A = Elapsed time spent in this place.
 B = Non-inter-level travel time spent in this place.
 C = Inter-level travel time spent in this place.
 D = Time resting spent in this place.
 E = Time spent auto-exploring this place.
 F = Levels seen in this place.
 G = Mean time per level.
                   A        B        C        D        E       F      G
               +--------+--------+--------+--------+--------+-----+--------+
         Total |   3480 |   3346 |    134 |     86 |    852 |   4 |  870.0 |
       Dungeon |   3480 |   3346 |    134 |     86 |    852 |   4 |  870.0 |
               +--------+--------+--------+--------+--------+-----+--------+

Top non-repeatable levels by time:
     D:1: 1296 daAuts
     D:3: 878 daAuts
     D:2: 668 daAuts
     D:4: 637 daAuts
